TOP OF THE 1ST |
Oakland Oaks batting - Pitching for Thunder Bay Northern Lions BC : RHP Darryl Gordon
|
Pitching: RHP Darryl Gordon
|
|
Batting: SHB Ramiro Salazar
|
0-0: Called Strike 0-1: Foul Ball, location: 2F 0-2: Strikes out swinging
|
Batting: RHB Aurelio Vázquez
|
0-0: Ball 1-0: Foul Ball, location: 2F 1-1: Ball 2-1: SINGLE (Flyball, 89S)
|
Batting: RHB Alden Wiley
|
0-0: Called Strike 0-1: Ball 1-1: Ball 2-1: Ball 3-1: Swinging Strike 3-2: Foul Ball, location: 2F 3-2: Strikes out looking
|
Batting: LHB Johnny Hernández
|
0-0: Ball 1-0: Ball 2-0: Swinging Strike 2-1: Fly out, F8 (Flyball, 8RM)
|
Top of the 1st over - 0 run(s), 1 hit(s), 0 error(s), 1 left on base; Oakland 0 - Thunder Bay 0 |
BOTTOM OF THE 1ST |
Thunder Bay Northern Lions BC batting - Pitching for Oakland Oaks : LHP Morris Nicholson
|
Pitching: LHP Morris Nicholson
|
|
Batting: LHB Dave Burns
|
0-0: Foul Ball, location: 2F 0-1: Called Strike 0-2: Ball 1-2: Foul Ball, location: 2F 1-2: Ball 2-2: Ground out 4-3 (Groundball, 34)
|
Batting: RHB Taroemon Watanabe
|
0-0: Ball 1-0: Called Strike 1-1: Ball 2-1: Fly out, F6 (Popup, 56)
|
Batting: LHB David Smith
|
0-0: Ball 1-0: Ball 2-0: Ball 3-0: Called Strike 3-1: SINGLE (Line Drive, 9LS)
|
Batting: SHB Arnold Griffith
|
0-0: Fielders Choice at 2nd, 5-4 (Groundball, 56)
|
Bottom of the 1st over - 0 run(s), 1 hit(s), 0 error(s), 0 left on base; Oakland 0 - Thunder Bay 0 |
TOP OF THE 2ND |
Oakland Oaks batting - Pitching for Thunder Bay Northern Lions BC : RHP Darryl Gordon
|
Batting: LHB Edwin Church
|
0-0: Foul Ball, location: 2F 0-1: Swinging Strike 0-2: Strikes out looking
|
Batting: RHB Shane Franklin
|
0-0: Ball 1-0: Called Strike 1-1: Called Strike 1-2: Strikes out swinging
|
Batting: RHB Chae-hyeong Kim
|
0-0: Ball 1-0: Called Strike 1-1: Swinging Strike 1-2: Foul Ball, location: 2F 1-2: Ball 2-2: Ground out 6-3 (Groundball, 6M)
|
Top of the 2nd over - 0 run(s), 0 hit(s), 0 error(s), 0 left on base; Oakland 0 - Thunder Bay 0 |
BOTTOM OF THE 2ND |
Thunder Bay Northern Lions BC batting - Pitching for Oakland Oaks : LHP Morris Nicholson
|
Batting: LHB John Brewer
|
0-0: Called Strike 0-1: Ball 1-1: Ball 2-1: Called Strike 2-2: SINGLE (Line Drive, 89S)
|
Batting: LHB Keith Bridges
|
0-0: Foul Ball, location: 2F 0-1: Called Strike 0-2: Fly out, F9 (Line Drive, 9M)
|
Batting: RHB Jonathan Cook
|
0-0: Ball 1-0: Grounds into double play, 6-4-3 (Groundball, 6M)
|
Bottom of the 2nd over - 0 run(s), 1 hit(s), 0 error(s), 0 left on base; Oakland 0 - Thunder Bay 0 |
TOP OF THE 3RD |
Oakland Oaks batting - Pitching for Thunder Bay Northern Lions BC : RHP Darryl Gordon
|
Batting: SHB John Allen
|
0-0: Ball 1-0: Ball 2-0: Called Strike 2-1: Foul Ball, location: 2F 2-2: Fly out, F6 (Popup, 6)
|
Batting: RHB Morris Nicholson
|
0-0: Ball 1-0: Swinging Strike 1-1: Ball 2-1: Fly out, F9 (Popup, 34D)
|
Batting: SHB Ramiro Salazar
|
0-0: Called Strike 0-1: SOLO HOME RUN (Flyball, 9LD), Distance : 335 ft
|
Batting: RHB Aurelio Vázquez
|
0-0: Hit by Pitch
|
Batting: RHB Alden Wiley
|
0-0: Foul Ball, location: 2F 0-1: Ball 1-1: SINGLE (Line Drive, 6) Aurelio Vázquez to second
|
Batting: LHB Johnny Hernández
|
0-0: Ball 1-0: Swinging Strike 1-1: Ball 2-1: DOUBLE (Flyball, 89M) Aurelio Vázquez scores Alden Wiley to third
|
Batting: LHB Edwin Church
|
0-0: Ball 1-0: Ball 2-0: SINGLE (Flyball, 7S) Alden Wiley scores Johnny Hernández to third Runner from 3rd tries for Home, SAFE, no throw or cutoff
|
Batting: RHB Shane Franklin
|
0-0: Swinging Strike 0-1: Called Strike 0-2: Ball 1-2: Foul Ball, location: 2F 1-2: Strikes out swinging
|
Top of the 3rd over - 4 run(s), 4 hit(s), 0 error(s), 1 left on base; Oakland 4 - Thunder Bay 0 |
BOTTOM OF THE 3RD |
Thunder Bay Northern Lions BC batting - Pitching for Oakland Oaks : LHP Morris Nicholson
|
Batting: RHB Robert O'Connor
|
0-0: Ball 1-0: Ball 2-0: Called Strike 2-1: Swinging Strike 2-2: Fly out, F9 (Flyball, 9M)
|
Batting: RHB Darryl Gordon
|
0-0: Ball 1-0: Foul Ball, location: 2F 1-1: Called Strike 1-2: Strikes out swinging
|
Batting: LHB Dave Burns
|
0-0: Foul Ball, location: 2F 0-1: Ground out 5-3 (Groundball, 56)
|
Bottom of the 3rd over - 0 run(s), 0 hit(s), 0 error(s), 0 left on base; Oakland 4 - Thunder Bay 0 |
TOP OF THE 4TH |
Oakland Oaks batting - Pitching for Thunder Bay Northern Lions BC : RHP Darryl Gordon
|
Batting: RHB Chae-hyeong Kim
|
0-0: DOUBLE (Line Drive, 9LS)
|
Batting: SHB John Allen
|
0-0: Foul Ball, location: 2F 0-1: Foul Ball, location: 2F 0-2: Ball 1-2: Ball 2-2: SINGLE (Flyball, 8RS) Chae-hyeong Kim to third Runner from 3rd tries for Home, throw and OUT! John Allen to second
|
Batting: RHB Morris Nicholson
|
0-0: Ball 1-0: Called Strike 1-1: Called Strike 1-2: Fly out, F7 (Flyball, 7M)
|
Batting: SHB Ramiro Salazar
|
0-0: Swinging Strike 0-1: Swinging Strike 0-2: Strikes out swinging
|
Top of the 4th over - 0 run(s), 2 hit(s), 0 error(s), 1 left on base; Oakland 4 - Thunder Bay 0 |
BOTTOM OF THE 4TH |
Thunder Bay Northern Lions BC batting - Pitching for Oakland Oaks : LHP Morris Nicholson
|
Batting: RHB Taroemon Watanabe
|
0-0: Ball 1-0: Ball 2-0: Ball 3-0: Base on Balls
|
Batting: LHB David Smith
|
0-0: Called Strike 0-1: Ball 1-1: Called Strike 1-2: Fly out, F2 (Popup, 15S)
|
Batting: SHB Arnold Griffith
|
0-0: Grounds into double play, 1-6-3 (Groundball, 25)
|
Bottom of the 4th over - 0 run(s), 0 hit(s), 0 error(s), 0 left on base; Oakland 4 - Thunder Bay 0 |
TOP OF THE 5TH |
Oakland Oaks batting - Pitching for Thunder Bay Northern Lions BC : RHP Darryl Gordon
|
Batting: RHB Aurelio Vázquez
|
0-0: Foul Ball, location: 2F 0-1: Swinging Strike 0-2: Ground out 5-3 (Groundball, 56)
|
Batting: RHB Alden Wiley
|
0-0: Ball 1-0: Ball 2-0: Fly out, F7 (Line Drive, 78M)
|
Batting: LHB Johnny Hernández
|
0-0: Called Strike 0-1: Foul Ball, location: 2F 0-2: Strikes out swinging
|
Top of the 5th over - 0 run(s), 0 hit(s), 0 error(s), 0 left on base; Oakland 4 - Thunder Bay 0 |
BOTTOM OF THE 5TH |
Thunder Bay Northern Lions BC batting - Pitching for Oakland Oaks : LHP Morris Nicholson
|
Batting: LHB John Brewer
|
0-0: SOLO HOME RUN (Flyball, 9D), Distance : 369 ft
|
Batting: LHB Keith Bridges
|
0-0: Ball 1-0: Ball 2-0: Fly out, F7 (Flyball, 78XD)
|
Batting: RHB Jonathan Cook
|
0-0: Ball 1-0: SINGLE (Groundball, 56)
|
Batting: RHB Robert O'Connor
|
0-0: Ball 1-0: Foul Ball, location: 2F 1-1: Foul Ball, location: 2F 1-2: Ball 2-2: Ball 3-2: Base on Balls Jonathan Cook to second
|
Batting: RHB Darryl Gordon
|
0-0: Bunted foul 0-1: Bunted foul 0-2: Bunted foul, Strikeout!
|
Batting: LHB Dave Burns
|
0-0: Ball 1-0: Called Strike 1-1: Called Strike 1-2: Ball 2-2: Strikes out swinging
|
Bottom of the 5th over - 1 run(s), 2 hit(s), 0 error(s), 2 left on base; Oakland 4 - Thunder Bay 1 |
TOP OF THE 6TH |
Oakland Oaks batting - Pitching for Thunder Bay Northern Lions BC : RHP Darryl Gordon
|
Batting: LHB Edwin Church
|
0-0: Foul Ball, location: 2F 0-1: SINGLE (Groundball, 13) (infield hit)
|
Batting: RHB Shane Franklin
|
0-0: Called Strike 0-1: Ball 1-1: Ball 2-1: Ball 3-1: Sac Bunt - play at first, batter OUT! 2-4 Edwin Church to second
|
Batting: RHB Chae-hyeong Kim
|
0-0: Foul Ball, location: 2F 0-1: Ball 1-1: Called Strike 1-2: Strikes out looking
|
Batting: SHB John Allen
|
0-0: Intentional Walk
|
Batting: RHB Morris Nicholson
|
0-0: Ball 1-0: Foul Ball, location: 2F 1-1: Called Strike 1-2: Ball 2-2: Foul Ball, location: 2F 2-2: Strikes out swinging
|
Top of the 6th over - 0 run(s), 1 hit(s), 0 error(s), 2 left on base; Oakland 4 - Thunder Bay 1 |
BOTTOM OF THE 6TH |
Thunder Bay Northern Lions BC batting - Pitching for Oakland Oaks : LHP Morris Nicholson
|
Batting: RHB Taroemon Watanabe
|
0-0: Called Strike 0-1: Foul Ball, location: 2F 0-2: Fly out, F7 (Flyball, 78D)
|
Batting: LHB David Smith
|
0-0: Fly out, F7 (Flyball, 7S)
|
Batting: SHB Arnold Griffith
|
0-0: Called Strike 0-1: Ball 1-1: Ball 2-1: Ball 3-1: SINGLE (Line Drive, 6MD)
|
Batting: LHB John Brewer
|
0-0: Ball 1-0: Foul Ball, location: 2F 1-1: Ground out 4-3 (Groundball, 4)
|
Bottom of the 6th over - 0 run(s), 1 hit(s), 0 error(s), 1 left on base; Oakland 4 - Thunder Bay 1 |
TOP OF THE 7TH |
Oakland Oaks batting - Pitching for Thunder Bay Northern Lions BC : RHP Darryl Gordon
|
Batting: SHB Ramiro Salazar
|
0-0: Ball 1-0: Foul Ball, location: 2F 1-1: Ball 2-1: Fly out, F2 (Popup, 2LF)
|
Batting: RHB Aurelio Vázquez
|
0-0: Foul Ball, location: 2F 0-1: Fly out, F8 (Line Drive, 8LM)
|
Batting: RHB Alden Wiley
|
0-0: Fly out, F9 (Line Drive, 9D)
|
Top of the 7th over - 0 run(s), 0 hit(s), 0 error(s), 0 left on base; Oakland 4 - Thunder Bay 1 |
BOTTOM OF THE 7TH |
Thunder Bay Northern Lions BC batting - Pitching for Oakland Oaks : LHP Morris Nicholson
|
Batting: LHB Keith Bridges
|
0-0: Ball 1-0: Swinging Strike 1-1: Ball 2-1: Ball 3-1: Ground out U3 (Groundball, 3)
|
Batting: RHB Jonathan Cook
|
0-0: Foul Ball, location: 2F 0-1: Foul Ball, location: 2F 0-2: SINGLE (Line Drive, 8LS)
|
Batting: RHB Robert O'Connor
|
0-0: Ball Wild Pitch! Jonathan Cook to second 1-0: Called Strike 1-1: Fly out, F9 (Flyball, 9M)
|
Pinch Hitting: RHB Teddy Pelham
|
0-0: Fly out, F7 (Line Drive, 78S)
|
Bottom of the 7th over - 0 run(s), 1 hit(s), 0 error(s), 1 left on base; Oakland 4 - Thunder Bay 1 |
TOP OF THE 8TH |
Oakland Oaks batting - Pitching for Thunder Bay Northern Lions BC : RHP Darryl Gordon
|
Pitching: LHP Carl Dyess
|
|
Batting: LHB Johnny Hernández
|
0-0: Swinging Strike 0-1: Ball 1-1: Swinging Strike 1-2: Strikes out swinging
|
Batting: LHB Edwin Church
|
0-0: Ball 1-0: Called Strike 1-1: Foul Ball, location: 2F 1-2: Ball 2-2: Strikes out swinging
|
Batting: RHB Shane Franklin
|
0-0: Foul Ball, location: 2F 0-1: Called Strike 0-2: Reached on error, E2 (Groundball, 2R)
|
Batting: RHB Chae-hyeong Kim
|
0-0: Ball 1-0: Ground out 5-3 (Groundball, 56)
|
Top of the 8th over - 0 run(s), 0 hit(s), 1 error(s), 1 left on base; Oakland 4 - Thunder Bay 1 |
BOTTOM OF THE 8TH |
Thunder Bay Northern Lions BC batting - Pitching for Oakland Oaks : LHP Morris Nicholson
|
Batting: LHB Dave Burns
|
0-0: Called Strike 0-1: Foul Ball, location: 2F 0-2: Strikes out swinging
|
Batting: RHB Taroemon Watanabe
|
0-0: Fly out, F4 (Popup, 34D)
|
Batting: LHB David Smith
|
0-0: Ball 1-0: Ball 2-0: Called Strike 2-1: Foul Ball, location: 2F 2-2: Foul Ball, location: 2F 2-2: DOUBLE (Popup, 5D)
|
Batting: SHB Arnold Griffith
|
0-0: Ball 1-0: Ball Balk! David Smith to third 2-0: Ball 3-0: Called Strike 3-1: Base on Balls
|
Batting: LHB John Brewer
|
0-0: Ground out 4-3 (Groundball, 34)
|
Bottom of the 8th over - 0 run(s), 1 hit(s), 0 error(s), 2 left on base; Oakland 4 - Thunder Bay 1 |
TOP OF THE 9TH |
Oakland Oaks batting - Pitching for Thunder Bay Northern Lions BC : LHP Carl Dyess
|
Batting: SHB John Allen
|
0-0: Called Strike 0-1: Ball 1-1: Swinging Strike 1-2: Foul Ball, location: 2F 1-2: Strikes out looking
|
Pinch Hitting: RHB Chandler Bailey
|
0-0: Ball 1-0: Called Strike 1-1: Ground out 5-3 (Groundball, 56)
|
Batting: SHB Ramiro Salazar
|
0-0: Ball 1-0: Ball 2-0: Ball 3-0: Called Strike 3-1: Base on Balls
|
Batting: RHB Aurelio Vázquez
|
0-0: SINGLE (Groundball, 6MD) Ramiro Salazar to second Runner from 2nd tries for 3rd, SAFE, throw made to third
|
Batting: RHB Alden Wiley
|
0-0: Ground out 5-3 (Groundball, 5)
|
Top of the 9th over - 0 run(s), 1 hit(s), 0 error(s), 2 left on base; Oakland 4 - Thunder Bay 1 |
BOTTOM OF THE 9TH |
Thunder Bay Northern Lions BC batting - Pitching for Oakland Oaks : LHP Morris Nicholson
|
Pitching: RHP John Connor
|
|
Batting: LHB Keith Bridges
|
0-0: Foul Ball, location: 2F 0-1: Ball 1-1: Fly out, F5 (Popup, 5SF)
|
Batting: RHB Jonathan Cook
|
0-0: Ball 1-0: Called Strike 1-1: Fly out, F2 (Popup, 2LF)
|
Batting: RHB Robert O'Connor
|
0-0: Ball 1-0: Ball 2-0: SOLO HOME RUN (Line Drive, 78XD), Distance : 439 ft
|
Pinch Hitting: LHB Reijiro Sato
|
0-0: Ball 1-0: Foul Ball, location: 2F 1-1: Ball 2-1: Ball 3-1: Base on Balls
|
Batting: LHB Dave Burns
|
0-0: Swinging Strike 0-1: Swinging Strike 0-2: Strikes out swinging
|
Bottom of the 9th over - 1 run(s), 1 hit(s), 0 error(s), 1 left on base; Oakland 4 - Thunder Bay 2 |
|